 Dungeon Crawl Stone Soup version 0.27-a0-765-ge4d627daa3 (webtiles) character file.

Game seed: 11991365411700692757

442256 DunceCap the Messiah (level 24, 0/230 (238) HPs)
             Began as a Hill Orc Fighter on Mar 20, 2021.
             Was the Champion of Beogh.
             Slain by a tengu warrior
             ... wielding a +0 glaive
              (5 damage)
             ... on level 5 of the Depths on Mar 25, 2021.
             The game lasted 09:39:49 (102320 turns).

DunceCap the Messiah (Hill Orc Fighter)           Turns: 102320, Time: 09:39:49

HP:   0/230 (238)   AC: 37    Str: 30    XL:     24   Next: 13%
MP:   39/39         EV: 10    Int: 10    God:    Beogh [******]
Gold: 4860          SH: 21    Dex: 10    Spells: 23/23 levels left

rFire    + + .     SeeInvis +   a - +9 broad axe (freeze)
rCold    + + +     Faith    .   L - +2 shield of Resistance {rF++ rC++ Will++}
rNeg     + + .     Spirit   .   e - +7 pearl dragon scales of Joy {rN+ SInv}
rPois    .         Reflect  +   B - +0 helmet
rElec    .         Harm     .   q - +0 cloak
rCorr    +         Rampage  .   N - +2 pair of gloves of Yredelemnul's Anger {rC+ Regen+}
Will     ++++.                  w - +0 pair of boots
Stlth    ..........             j - amulet of reflection
HPRegen  1.48/turn              O - ring of Teuquh {rN+ Will+ Int+2}
MPRegen  0.26/turn              P - ring of resist corrosion

@: studying 2 skills, lightly drained
A: walk on water
}: 2/15 runes: decaying, gossamer
a: Renounce Religion, Smiting, Recall Orcish Followers, Give Item to Named
Follower, Resurrection


You were on level 5 of the Depths.
You worshipped Beogh.
Beogh was exalted by your worship.
You visited 8 branches of the dungeon, and saw 43 of its levels.
You visited 1 ziggurat, and saw 3 of its levels.
You also visited: Ice Cave and Wizlab.

You collected 6875 gold pieces.
You spent 2015 gold pieces at shops.

Inventory:

Hand Weapons
 a - a +9 broad axe of freezing (weapon)
 g - a +0 vorpal broad axe
 r - a +0 broad axe of electrocution
 A - a +3 glaive of venom
 F - a +4 demon trident
 K - a +3 halberd
 T - a +1 vorpal glaive
 X - a +4 halberd of venom
 Y - a +6 halberd of freezing
Missiles
 k - 137 poisoned darts (quivered)
 E - 8 javelins
 J - 28 curare-tipped darts
Armour
 b - +0 gold dragon scales
 e - the +7 pearl dragon scales of Joy (worn) {rN+ SInv}
   (You took it off a deep elf master archer on level 2 of the Elven Halls)

   It protects you from negative energy.
   It lets you see invisible.
 q - a +0 cloak (worn)
 w - a +0 pair of boots (worn)
 B - a +0 helmet (worn)
 L - the +2 shield of Resistance (worn) {rF++ rC++ Will++}
   (You found it on level 12 of the Dungeon)

   It greatly protects you from fire.
   It greatly protects you from cold.
   It affects your willpower, your defense against some magical effects.
 N - the +2 pair of gloves of Yredelemnul's Anger (worn) {rC+ Regen+}
   (You found it on level 3 of the Depths)

   It protects you from cold.
   It increases your rate of regeneration.
Jewellery
 i - a ring of protection from fire
 j - an amulet of reflection (around neck)
 O - the ring of Teuquh (right hand) {rN+ Will+ Int+2}
   (You found it on level 3 of the Elven Halls)

   [ring of willpower]

   It affects your intelligence (+2).
   It protects you from negative energy.
   It affects your willpower, your defense against some magical effects.
 P - a ring of resist corrosion (left hand)
 V - an amulet of faith
Wands
 h - a wand of digging (4)
 C - a wand of iceblast (22)
 U - a wand of acid (36)
Scrolls
 d - 21 scrolls of identify
 n - 3 scrolls of summoning
 o - 4 scrolls of enchant armour
 u - 7 scrolls of fear
 D - 3 scrolls of blinking
 I - 2 scrolls of magic mapping
 R - 10 scrolls of teleportation
Potions
 c - 9 potions of might
 l - a potion of cancellation
 m - 2 potions of invisibility
 p - 2 potions of resistance
 s - 4 potions of haste
 v - 6 potions of flight
 y - 6 potions of attraction
 z - 6 potions of berserk rage
 Q - 11 potions of curing
 W - a potion of mutation
Miscellaneous
 f - a phantom mirror


   Skills:
 + Level 24.3 Fighting
 - Level 18.0 Axes
 + Level 22.3 Armour
 - Level 15.0 Shields
 + Level 25.1 Invocations


You had 23 spell levels left.
You didn't know any spells.
Your spell library contained the following spells:

 Spells                   Type           Power      Damage    Failure   Level
 Apportation              Tloc           0%         N/A       52%         1
 Corona                   Hex            0%         N/A       52%         1
 Freeze                   Ice            0%         1d3       52%         1
 Magic Dart               Conj           0%         1d3       52%         1
 Pain                     Necr           0%         1d4       52%         1
 Shock                    Conj/Air       0%         1d3       52%         1
 Sting                    Tmut/Pois      0%         1d3       52%         1
 Blink                    Tloc           N/A        N/A       65%         2
 Call Imp                 Summ           0%         N/A       65%         2
 Corpse Rot               Necr/Air       N/A        N/A       65%         2
 Ensorcelled Hibernation  Hex/Ice        0%         N/A       65%         2
 Poisonous Vapours        Pois/Air       0%         N/A       65%         2
 Searing Ray              Conj           0%         3d3       65%         2
 Slow                     Hex            0%         N/A       65%         2
 Sublimation of Blood     Necr           0%         N/A       65%         2
 Swiftness                Air            0%         N/A       65%         2
 Confusing Touch          Hex            0%         N/A       87%         3
 Conjure Flame            Conj/Fire      0%         6-21      87%         3
 Dazzling Flash           Conj/Hex       0%         N/A       87%         3
 Frozen Ramparts          Ice            0%         1d2       87%         3
 Gell's Gravitas          Tloc           0%         N/A       87%         3
 Ignite Poison            Fire/Tmut/Pois 0%         N/A       87%         3
 Lesser Beckoning         Tloc           0%         N/A       87%         3
 Mephitic Cloud           Conj/Pois/Air  0%         N/A       87%         3
 Ozocubu's Armour         Ice            0%         N/A       87%         3
 Static Discharge         Conj/Air       0%         N/A       87%         3
 Tukima's Dance           Hex            0%         N/A       87%         3
 Airstrike                Air            0%         N/A       99%         4
 Cause Fear               Hex            0%         N/A       99%         4
 Dispel Undead            Necr           0%         3d6       99%         4
 Fulminant Prism          Conj/Hex       0%         3d6       99%         4
 Hailstorm                Conj/Ice       0%         3d3       99%         4
 Ice Form                 Ice/Tmut       0%         N/A       99%         4
 Iskenderun's Mystic Bla  Conj/Tloc      0%         2d3       99%         4
 Olgreb's Toxic Radiance  Pois           0%         N/A       99%         4
 Petrify                  Tmut/Erth      0%         N/A       99%         4
 Summon Ice Beast         Ice/Summ       0%         N/A       99%         4
 Summon Lightning Spire   Summ/Air       0%         N/A       99%         4
 Agony                    Necr           0%         N/A       100%        5
 Alistair's Intoxication  Tmut/Pois      0%         N/A       100%        5
 Borgnjor's Vile Clutch   Necr/Erth      0%         N/A       100%        5
 Excruciating Wounds      Necr           0%         N/A       100%        5
 Irradiate                Conj/Tmut      0%         3d14      100%        5
 Lightning Bolt           Conj/Air       0%         1d11      100%        5
 Metabolic Englaciation   Hex/Ice        0%         N/A       100%        5
 Silence                  Hex/Air        0%         N/A       100%        5
 Summon Forest            Summ/Tloc      0%         N/A       100%        5
 Summon Mana Viper        Hex/Summ       0%         N/A       100%        5
 Yara's Violent Unravell  Hex/Tmut       0%         3d3       100%        5
 Conjure Ball Lightning   Conj/Air       0%         3x3d6     100%        6
 Death Channel            Necr           0%         N/A       100%        6
 Freezing Cloud           Conj/Ice/Air   0%         6-21      100%        6
 Hydra Form               Tmut           0%         N/A       100%        6
 Invisibility             Hex            0%         N/A       100%        6
 Shadow Creatures         Summ           N/A        N/A       100%        6
 Simulacrum               Ice/Necr       0%         N/A       100%        6
 Statue Form              Tmut/Erth      0%         N/A       100%        6
 Dragon Form              Tmut           0%         N/A       100%        7
 Ozocubu's Refrigeration  Ice            0%         4d5       100%        7
 Summon Hydra             Summ           0%         N/A       100%        7
 Discord                  Hex            0%         N/A       100%        8
 Tornado                  Air            0%         N/A       100%        9


Dungeon Overview and Level Annotations

Branches:
Dungeon (15/15)            Temple (0/1) D:5            Lair (6/6) D:10
  Swamp (4/4) Lair:3       Spider (4/4) Lair:4        Slime (0/5) Lair:5
    Orc (2/2) D:12            Elf (3/3) Orc:2        Vaults (4/5) D:13
  Crypt (0/3) Vaults:2     Depths (5/5) D:15          IceCv (visited)
 WizLab (visited)
    Zot: Depths:5

Altars:
Cheibriados
Fedhas
Kikubaaqudgha
Makhleb
Nemelex Xobeh
Okawaru
Qazlal
Sif Muna
Trog
Uskayaw
Yredelemnul
Zin
The Shining One
Beogh

Shops:
D:1 (   Orc:2 (=([   Elf:1 [   Vaults:4 :

Portals:
Hell: Depths:1 Depths:2 Depths:3 Depths:4
Abyss: Depths:2 Depths:3 Depths:4
Pandemonium: Depths:3
Trove: Depths:4 (give 18 scrolls of teleportation)

Annotations:
Depths:4 1 transporter


Message History

You block the shadow dragon's attack.
You closely miss the shadow dragon.
The shadow dragon is severely wounded.
You block the shadow dragon's attack. x3
You slash the shadow dragon!
The shadow dragon is severely wounded.
A tengu warrior comes into view. It is wielding a +0 glaive.
You hit the shadow dragon.
The shadow dragon is severely wounded.
The shadow dragon breathes negative energy at you.
The bolt of negative energy misses you.
You hit the shadow dragon but do no damage.
The shadow dragon is severely wounded.
You block the shadow dragon's attack. The shadow dragon closely misses you.
You block the shadow dragon's attack.
You hit the shadow dragon.
The shadow dragon is severely wounded.
You slice the shadow dragon!!
The shadow dragon is almost dead.
You block the shadow dragon's attack.
The shadow dragon claws you but does no damage.
The shadow dragon claws you!
* * * LOW HITPOINT WARNING * * *
The shadow dragon breathes negative energy at you.
The bolt of negative energy hits you! You partially resist.
You feel drained.
* * * LOW HITPOINT WARNING * * *
Ortolf closely misses the shadow dragon.
You slash the shadow dragon!
The shadow dragon is almost dead.
You block the tengu warrior's attack.
The shadow dragon breathes negative energy at you.
The bolt of negative energy hits you! You partially resist.
You feel drained.
* * * LOW HITPOINT WARNING * * *
Ortolf closely misses the shadow dragon.
You slice the shadow dragon!!
You kill the shadow dragon!
Beogh accepts your kill.
The shadow dragon scales are intact enough to wear.
The tengu warrior hits you from afar with a +0 glaive.
You die...

.......# ...
#.....# ...
#.....# ....
#.....# .....
#.....##
.....####.....#
..............##
......)[[......#
......Q.@....#.##
.....####.o.....##
... ...........###
# ######.).....###
#.#.....'.####
#.#.....#.....
#.#.....######
#.#.....#
#.....######


You could see a tengu warrior and the friendly Ortolf the orc knight.

Vanquished Creatures
  Mennas (Depths:3)
  Mara (Vaults:3)
  A juggernaut (Depths:3)
  Bai Suzhen (Vaults:3)
  Margery (Depths:3)
  3 golden dragons
  2 tentacled monstrosities
  3 liches
  3 deep elf blademasters
  The ghost of jasper the Warrior, an adept DjFE of Ashenzari (Elf:2)
  2 deep elf master archers
  3 sphinxes
  A shadow dragon (Depths:5)
  A tengu reaver (Depths:4)
  Donald (Elf:1)
  2 storm dragons (Depths:2)
  2 fenstrider witches (Swamp:2)
  Aizul (Vaults:2)
  9 fire giants
  5 ghost moths
  An orc warlord (Vaults:2)
  3 deep elf sorcerers (Elf:2)
  4 frost giants (Depths:4)
  A balrug (Depths:3)
  10 vault wardens
  3 emperor scorpions
  A curse skull (Zig:2)
  4 deep elf elementalists
  2 ironbound preservers
  A war gargoyle (Vaults:3)
  4 stone giants
  16 very ugly things
  A green draconian (Swamp:1)
  10 deep elf annihilators
  5 deep elf demonologists (Elf:2)
  7 spark wasps
  A white draconian (IceCv)
  A bunyip (Swamp:2)
  4 eleionomae
  3 deep elf death magi
  3 crystal guardians
  7 ettins
  A jiangshi (Depths:1)
  7 yaktaur captains
  4 fire dragons
  3 deep elf high priests (Elf:2)
  5 great orbs of eyes
  Fannar (D:10)
  An ice dragon (Depths:3)
  2 vault guards
  A peacekeeper (Vaults:2)
  An ironbound thunderhulk (Vaults:4)
  14 hydras
  Josephine (D:12)
  A rakshasa (Depths:1)
  An ironbound frostheart (D:13)
  An ogre mage (D:13)
  5 spriggan air magi
  A ghost crab (Swamp:2)
  2 catoblepae
  7 deep troll shamans
  13 dancing weapons
  6 alligators
  7 deep troll earth magi
  An ironbound beastmaster (D:13)
  A vampire mage (Depths:2)
  4 death yaks
  2 orc high priests (Orc:2)
  5 tengu warriors
  6 spriggan berserkers
  The ghost of gregwegmann the Grappler, a novice TrMo of Makhleb (D:9)
  6 two-headed ogres
  Urug (D:10)
  15 hell knights
  A soul eater (Depths:3)
  6 iron trolls
  15 deep elf knights
  An unseen horror (D:14)
  2 spriggan druids (Swamp:3)
  16 deep trolls
  2 goliath frogs
  An obsidian statue (Zig:2)
  2 bog bodies (Swamp:1)
  A gelid demonspawn (Depths:3)
  2 glowing orange brains
  6 swamp dragons
  A harpy (D:13)
  6 ironbound convokers
  6 phantasmal warriors
  9 wizards
  An orange crystal statue (Zig:2)
  2 flayed ghosts
  22 orb spiders
  2 lindwurms (Vaults:2)
  9 deep elf archers
  An orc knight (Vaults:2)
  2 orc sorcerers (Orc:2)
  12 deep elf pyromancers
  27 deep elf zephyrmancers
  A mana viper (shapeshifter) (Vaults:4)
  12 wolf spiders
  A fire giant zombie (Depths:2)
  48 ugly things
  7 necromancers
  2 manticores
  2 cyclopes
  A fire giant skeleton (Depths:2)
  A tengu skeleton (Vaults:3)
  2 centaur zombies
  3 will-o-the-wisps
  Maurice (D:9)
  A rust devil (Depths:1)
  8 vault sentinels
  6 elephants (Lair:6)
  An apocalypse crab (Zig:1)
  3 black mambas
  3 gargoyles
  An eye of devastation (shapeshifter) (Depths:4)
  5 ice statues
  4 torpor snails (Depths:2)
  3 cane toads
  A storm dragon simulacrum (Depths:1)
  A smoke demon (Depths:3)
  Psyche (D:10)
  An efreet (D:15)
  33 yaktaurs
  4 komodo dragons
  2 elves (WizLab)
  A tengu conjurer (Depths:2)
  2 human skeletons (Vaults:3)
  3 demonic crawlers
  An ice devil (D:15)
  5 jumping spiders
  4 trolls
  12 hornets
  12 polar bears
  4 tyrant leeches
  13 blink frogs
  A merfolk (shapeshifter) (Elf:2)
  A fire dragon zombie (Depths:1)
  24 slime creatures
  A dream sheep (Lair:6)
  4 large abominations (Elf:1)
  7 spriggans
  A fire dragon skeleton (Depths:1)
  3 wyverns
  2 vampires (D:13)
  2 redbacks (shapeshifter)
  30 redbacks
  4 water elementals
  13 tarantellas
  2 shadows
  A fire elemental (Elf:2)
  3 wraiths
  A basilisk (Lair:3)
  42 yaks
  A human (WizLab)
  3 chaos spawn
  6 vampire mosquitoes
  A neqoxec (Depths:3)
  6 wargs
  A soldier ant (D:12)
  8 swamp worms
  6 small abominations (WizLab)
  An acid dragon (D:14)
  5 water moccasins
  2 floating eyes
  5 swamp drakes
  4 ice beasts
  14 orc warriors
  2 black bears
  7 sky beasts
  5 boggarts
  12 ogres
  17 wolves
  8 centaurs
  2 phantoms
  An elf zombie (Elf:1)
  2 wyvern zombies (D:12)
  15 bullfrogs
  2 earth elementals
  2 scorpions
  21 wights
  3 electric eels
  A howler monkey (D:5)
  A crimson imp (Depths:5)
  3 quasits
  3 bullfrog skeletons
  5 jellies
  4 centaur skeletons
  A gnoll shaman (D:7)
  8 orc priests
  9 hounds
  2 iron imps (Depths:3)
  3 iguanas
  3 worker ants
  13 orc wizards
  2 hound skeletons
  10 gnolls
  A howler monkey skeleton (D:11)
  14 adders
  4 shadow imps
  4 white imps
  2 ufetubi (Depths:3)
  An endoplasm (D:2)
  An adder skeleton (D:4)
  2 worms (D:2)
  3 dart slugs
  39 orcs
  2 removed leopard geckos
  A ball python (D:1)
  9 bats
  2 bat zombies (D:2)
  5 giant cockroaches
  10 goblins
  6 hobgoblins
  10 jackals
  3 quokkas
  A ball python skeleton (D:5)
  2 frilled lizards
  5 kobolds
  8 rats
  A rat zombie (D:2)
  5 briar patches (Swamp:2)
  A fungus (Lair:3)
1148 creatures vanquished.

Vanquished Creatures (collateral kills)
  Saint Roka (Vaults:3)
  Arachne (Spider:2)
  The ghost of Suceck the Spry, an adept DsAK of Lugonu (Depths:3)
  A tentacled monstrosity (Depths:3)
  2 deep elf blademasters (Elf:2)
  2 liches
  Asterion (Vaults:2)
  A sphinx (shapeshifter) (Depths:2)
  2 thorn hunters
  4 sphinxes
  2 shadow dragons
  The ghost of bilbop the Severer, a journeyman HOMo of Beogh (Spider:3)
  3 frost giants
  Louise (D:15)
  2 deep elf sorcerers (Elf:2)
  3 vault wardens
  2 emperor scorpions
  2 ghost moths (Spider:3)
  18 very ugly things
  2 spriggan defenders (Depths:3)
  4 war gargoyles
  7 ironbound preservers
  6 stone giants
  A deep elf demonologist (Elf:2)
  A vampire knight (Depths:2)
  2 deep elf annihilators (Elf:2)
  4 spark wasps
  3 entropy weavers
  A green draconian (Swamp:1)
  An eidolon (Vaults:1)
  An ettin (shapeshifter) (D:15)
  3 deep elf death magi
  A jiangshi (Depths:1)
  4 ettins
  An eleionoma (Swamp:3)
  4 crystal guardians
  3 fire dragons (Depths:2)
  3 yaktaur captains
  4 rakshasas
  3 deep elf high priests
  A boulder beetle (Vaults:2)
  6 ice dragons
  4 vault guards
  2 ironbound thunderhulks (Vaults:3)
  10 ironbound frosthearts
  10 hydras
  6 centaur warriors
  An ogre mage (Vaults:2)
  3 peacekeepers
  A ghost crab (Lair:3)
  A tengu warrior (Depths:2)
  4 catoblepae
  13 dancing weapons
  A spriggan air mage (Depths:3)
  A deep troll shaman (Depths:2)
  A deep troll earth mage (Depths:1)
  3 two-headed ogres
  A vampire mage (Depths:1)
  4 death yaks
  2 hell knights
  3 alligators
  An orc high priest (Elf:2)
  A titan zombie (Vaults:3)
  An ironbound beastmaster (Vaults:2)
  Sonja (Lair:4)
  3 deep elf knights (Elf:1)
  5 iron trolls
  A goliath frog (Swamp:2)
  A bog body (Swamp:2)
  28 deep trolls
  A sea snake (shapeshifter) (D:15)
  An unseen horror (D:15)
  11 swamp dragons
  A phantasmal warrior (D:13)
  A spriggan druid (Swamp:3)
  4 deep elf archers (Elf:1)
  A glowing orange brain (shapeshifter) (D:15)
  An orc knight (Vaults:2)
  6 ironbound convokers
  4 wizards
  3 necromancers
  A mana viper (shapeshifter) (D:15)
  4 orb spiders (Spider:3)
  13 deep elf pyromancers
  12 deep elf zephyrmancers
  2 lindwurms
  A stone giant zombie (Depths:2)
  2 manticores
  An orc sorcerer (Orc:2)
  22 wolf spiders
  2 cyclopes
  A will-o-the-wisp (Lair:3)
  5 elephants (Lair:6)
  19 ugly things
  6 torpor snails
  A frost giant skeleton (Depths:1)
  8 vault sentinels
  6 black mambas
  A centaur skeleton (D:14)
  4 gargoyles
  5 cane toads
  4 yaktaurs
  7 komodo dragons
  A tengu conjurer (Depths:1)
  22 demonic crawlers
  An ice devil (D:15)
  A rime drake (Lair:4)
  A freezing wraith (Vaults:1)
  A yaktaur (shapeshifter) (Depths:3)
  3 trolls
  A jumping spider (shapeshifter) (Elf:1)
  4 polar bears
  A harpy zombie (D:15)
  26 jumping spiders
  3 hornets
  15 slime creatures
  20 blink frogs
  2 tyrant leeches
  A fire dragon zombie (Depths:1)
  6 dream sheep (Lair:6)
  35 redbacks
  A vampire (D:15)
  5 spriggans
  2 air elementals
  19 yaks
  5 water elementals
  2 wyverns
  2 fire elementals
  23 tarantellas
  A basilisk (Lair:6)
  A wyvern (shapeshifter) (D:15)
  A human (WizLab)
  An elf skeleton (Vaults:3)
  4 vampire mosquitoes
  A warg (Vaults:3)
  2 swamp worms
  10 water moccasins
  A sky beast (D:13)
  7 swamp drakes
  8 orc warriors
  An ice beast (D:15)
  17 wolves
  4 ogres
  A boggart (D:15)
  An ogre (shapeshifter) (Elf:1)
  3 centaurs (D:12)
  3 elf zombies (Elf:1)
  5 bullfrogs
  A scorpion (Lair:2)
  2 wights (D:13)
  2 electric eels
  A bullfrog zombie (D:12)
  A hound (D:14)
  3 orc priests
  A bullfrog skeleton (D:12)
  An orc wizard (Orc:2)
  An ufetubus (Depths:3)
  3 endoplasms (Lair:5)
  18 orcs
  2 briar patches (Swamp:2)
  2 fungi
  3 plants
706 creatures vanquished.

Vanquished Creatures (others)
  2 orc high priests
  3 orc sorcerers
  3 deep elf knights (Elf:1)
  11 orc knights
  A wizard (D:15)
  A deep elf archer (Elf:2)
  A wolf spider (Spider:1)
  A deep elf zephyrmancer (Elf:1)
  2 deep elf pyromancers
  A demonic crawler (Spider:2)
  2 bloated husks
  3 jumping spiders (Spider:1)
  A tarantella (Spider:1)
  A swamp worm (Swamp:4)
  15 orc warriors
  A wolf (IceCv)
  6 orc priests
  6 orc wizards
  51 orcs
  A briar patch (Swamp:4)
  7 foxfires
  38 fungi
  111 plants
  2 withered plants (D:8)
271 creatures vanquished.

Grand Total: 2125 creatures vanquished

Notes
Turn   | Place    | Note
-------+----------+-------------------------------------------
     0 | D:1      | DunceCap the Hill Orc Fighter began the quest for the Orb.
     0 | D:1      | Reached XP level 1. HP: 19/19 MP: 1/1
    97 | D:1      | Reached XP level 2. HP: 18/27 MP: 2/2
   243 | D:1      | Found Nitteof's Antique Weapon Emporium.
   610 | D:1      | Reached XP level 3. HP: 31/33 MP: 3/3
  1170 | D:2      | Found an ancient bone altar of Kikubaaqudgha.
  1292 | D:2      | Reached XP level 4. HP: 40/40 MP: 4/4
  2249 | D:4      | Reached XP level 5. HP: 45/47 MP: 5/5
  2332 | D:4      | Reached skill level 5 in Axes
  2334 | D:4      | Reached skill level 5 in Shields
  2506 | D:4      | Found an iron altar of Okawaru.
  2528 | D:4      | Reached XP level 6. HP: 18/55 MP: 1/6
  2937 | D:4      | Reached skill level 5 in Fighting
  2939 | D:4      | HP: 2/56 [worker ant (4)]
  3607 | D:3      | Found a hide-covered altar of Uskayaw.
  3988 | D:4      | Reached XP level 7. HP: 56/61 MP: 7/7
  4613 | D:5      | Entered Level 5 of the Dungeon
  5283 | D:5      | Became a worshipper of Beogh the Brigand
  5348 | D:5      | HP: 3/62 [gnoll/+1 vorpal flail (5)]
  5348 | D:5      | HP: 1/62 [gnoll/+1 vorpal flail (2)]
  5681 | D:5      | Found a staircase to the Ecumenical Temple.
  5702 | D:5      | Reached XP level 8. HP: 65/70 MP: 8/8
  6783 | D:6      | Found a blossoming altar of Fedhas.
  7290 | D:6      | Identified the +1 ring mail of Analysis {rElec rF+ Will+}
  7374 | D:6      | Reached XP level 9. HP: 78/78 MP: 9/9
  7665 | D:7      | Reached skill level 1 in Invocations
  7748 | D:7      | Reached * piety under Beogh
  7807 | D:7      | Reached skill level 10 in Axes
  7845 | D:7      | Reached skill level 2 in Invocations
  8140 | D:7      | Found a glowing golden altar of the Shining One.
  8316 | D:7      | Noticed an ice statue
  8353 | D:7      | Upgraded the game from 0.27-a0-686-gaed091b46b to
                  | 0.27-a0-695-gb4952372f7
  8807 | D:8      | Reached skill level 3 in Invocations
  8809 | D:8      | Found a shimmering blue altar of Sif Muna.
  9390 | D:8      | Reached XP level 10. HP: 75/88 MP: 12/12
  9670 | D:8      | Found a basalt altar of Yredelemnul.
  9909 | D:9      | Reached ** piety under Beogh
  9924 | D:9      | Noticed Maurice
 10127 | D:8      | Reached skill level 4 in Invocations
 10310 | D:9      | Killed Maurice
 10311 | D:9      | Reached skill level 5 in Armour
 10381 | D:9      | Reached skill level 10 in Shields
 10806 | D:9      | Found an iron altar of Okawaru.
 11235 | D:9      | Reached skill level 5 in Invocations
 11288 | D:9      | Noticed a cyan ugly thing
 11302 | D:9      | Killed a cyan ugly thing
 11462 | D:9      | Found a runed translucent door.
 11463 | D:9      | Noticed a hell knight
 11463 | D:9      | Noticed gregwegmann's ghost (novice TrMo)
 11501 | D:9      | Found a glowing silver altar of Zin.
 11637 | D:9      | Found a sparkling altar of Nemelex Xobeh.
 11688 | D:10     | Entered Level 10 of the Dungeon
 11689 | D:10     | Noticed Fannar
 11723 | D:10     | Killed Fannar
 11856 | D:10     | Reached XP level 11. HP: 66/95 MP: 15/15
 12044 | D:10     | Reached *** piety under Beogh
 12061 | D:10     | Reached skill level 6 in Invocations
 12495 | D:10     | Noticed Urug
 12509 | D:10     | Killed Urug
 12960 | D:10     | Noticed a two-headed ogre
 12964 | D:10     | Killed a two-headed ogre
 13056 | D:10     | Noticed Psyche
 13064 | D:10     | Killed Psyche
 13126 | D:10     | Reached **** piety under Beogh
 13127 | D:10     | Found a staircase to the Lair.
 13207 | D:10     | Reached skill level 7 in Invocations
 13826 | D:11     | Noticed a manticore
 13836 | D:11     | Killed a manticore
 14189 | D:11     | Noticed a two-headed ogre
 14246 | D:11     | Killed a two-headed ogre
 14692 | D:12     | Noticed Josephine
 14711 | D:12     | Killed Josephine
 14712 | D:12     | Reached XP level 12. HP: 95/106 MP: 17/17
 14717 | D:12     | Reached skill level 10 in Fighting
 15006 | D:12     | Reached skill level 8 in Invocations
 15241 | D:12     | Found the +2 shield of Resistance {rF++ rC++ Will++}
 15318 | D:12     | Noticed a two-headed ogre
 15325 | D:12     | Killed a two-headed ogre
 15616 | D:12     | Found a staircase to the Orcish Mines.
 16225 | D:12     | Found a roughly hewn altar of Beogh.
 16227 | D:12     | Reached ***** piety under Beogh
 16498 | D:13     | Noticed a two-headed ogre
 16498 | D:13     | Noticed a two-headed ogre
 16502 | D:13     | Killed a two-headed ogre
 16506 | D:13     | Killed a two-headed ogre
 16787 | D:13     | Noticed a catoblepas
 16787 | D:13     | Noticed a catoblepas
 16795 | D:13     | Killed a catoblepas
 16804 | D:13     | Killed a catoblepas
 16871 | D:13     | Found a gate to the Vaults.
 16871 | D:13     | Noticed a two-headed ogre
 16877 | D:13     | Killed a two-headed ogre
 17233 | D:13     | Reached skill level 9 in Invocations
 17240 | D:13     | Reached skill level 15 in Axes
 17395 | D:13     | Found an ancient bone altar of Kikubaaqudgha.
 17454 | D:13     | Noticed a two-headed ogre
 17462 | D:13     | Killed a two-headed ogre
 17463 | D:13     | Reached XP level 13. HP: 111/115 MP: 19/19
 17559 | D:13     | Gained Arbeogh as an ally
 18226 | Lair:1   | Entered Level 1 of the Lair of Beasts
 18811 | Lair:1   | Gained Morbeogh as an ally
 20374 | Lair:3   | Reached skill level 10 in Invocations
 20399 | Lair:3   | Found a blossoming altar of Fedhas.
 20585 | Lair:3   | Found a staircase to the Swamp.
 21354 | Lair:4   | Found a hole to the Spider Nest.
 21381 | Lair:4   | Noticed Sonja
 21385 | Lair:4   | Killed Sonja
 21603 | Lair:4   | Reached XP level 14. HP: 125/125 MP: 21/21
 22469 | Lair:5   | Found a staircase to the Slime Pits.
 22492 | Lair:5   | Reached ****** piety under Beogh
 23148 | Lair:6   | Entered Level 6 of the Lair of Beasts
 23161 | Lair:6   | Reached skill level 10 in Armour
 23161 | Lair:6   | Reached skill level 11 in Invocations
 23503 | Lair:6   | Reached skill level 15 in Shields
 23716 | Orc:1    | Entered Level 1 of the Orcish Mines
 24045 | Orc:1    | Identified a scroll of acquirement
 24045 | Orc:1    | Acquired a +2 broad axe of flaming
 24052 | Orc:2    | Entered Level 2 of the Orcish Mines
 24057 | Orc:2    | Found a staircase to the Elven Halls.
 24115 | Orc:2    | Found a roughly hewn altar of Beogh.
 24116 | Orc:2    | Found Zarghyeth's Weapon Shoppe.
 24292 | Orc:2    | Found a roughly hewn altar of Beogh.
 24396 | Orc:2    | Found a roughly hewn altar of Beogh.
 24417 | Orc:2    | Found Gusa's Jewellery Shop.
 24565 | Orc:2    | Noticed an orc warlord
 25601 | Lair:6   | Reached skill level 12 in Invocations
 25994 | Lair:6   | Gained Bogbrand as an ally
 26985 | Orc:2    | Found a roughly hewn altar of Beogh.
 27219 | Orc:1    | Reached XP level 15. HP: 127/136 MP: 24/24
 27353 | Orc:2    | Found a roughly hewn altar of Beogh.
 27414 | Orc:2    | Gained Boghold as an ally
 27415 | Orc:2    | Noticed an orc warlord
 28437 | Spider:1 | Entered Level 1 of the Spider Nest
 28458 | Spider:1 | Reached skill level 13 in Invocations
 30007 | Spider:1 | Noticed a ghost moth
 30038 | Lair:4   | Killed a ghost moth
 30921 | Spider:1 | Identified the +7 long sword of Crawling {flame, rN+ Int+5}
 32497 | Spider:1 | HP: 6/138 [poisoned by a wolf spider]
 32502 | Spider:1 | HP: 5/138 [poisoned by a wolf spider]
 32507 | Spider:1 | HP: 5/138 [poisoned by a wolf spider]
 32514 | Spider:1 | HP: 5/138 [poisoned by a wolf spider]
 32522 | Spider:1 | HP: 6/138 [poisoned by a wolf spider]
 33501 | Spider:2 | Noticed an emperor scorpion
 33523 | Spider:1 | Killed an emperor scorpion
 34270 | Spider:2 | Noticed Arachne
 34301 | Spider:2 | HP: 4/138 [Arachne/poison arrow (6)]
 34957 | Spider:2 | Killed Arachne
 35182 | Spider:2 | Gained Norbak as an ally
 35909 | Spider:2 | Gained Bogfrid as an ally
 36319 | Spider:3 | Reached skill level 14 in Invocations
 36392 | Spider:3 | Noticed an emperor scorpion
 36402 | Spider:2 | Killed an emperor scorpion
 36721 | Spider:2 | Reached XP level 16. HP: 132/147 MP: 26/26
 37440 | Orc:2    | Found a roughly hewn altar of Beogh.
 37503 | Orc:2    | Gained Bogwik as an ally
 38070 | Orc:2    | Found Wiatoocaw's Antique Weapon Emporium.
 38071 | Orc:2    | Found a roughly hewn altar of Beogh.
 38078 | Orc:2    | Found Wineff's Antique Armour Shoppe.
 38091 | Orc:2    | Bought a shiny plate armour for 858 gold pieces
 38091 | Orc:2    | Bought a pair of runed gloves for 247 gold pieces
 38185 | Orc:2    | Bought a ring of positive energy for 300 gold pieces
 38284 | Orc:2    | Bought a polished flail for 314 gold pieces
 38284 | Orc:2    | Identified the +5 flail of Compassion {flame, *Rage rC-
                  | rN+++ Dex+8} (You bought it in a shop on level 2 of the
                  | Orcish Mines)
 38284 | Orc:2    | Bought a translucent mace for 296 gold pieces
 38284 | Orc:2    | Identified the +8 mace of Mourning {vamp, rN+ Str+2} (You
                  | bought it in a shop on level 2 of the Orcish Mines)
 38804 | D:14     | Found a stormy altar of Qazlal.
 39559 | D:15     | Entered Level 15 of the Dungeon
 39596 | D:15     | Found a frozen archway.
 39643 | IceCv    | Entered an ice cave
 39684 | IceCv    | Reached skill level 15 in Fighting
 39943 | IceCv    | Gained Arbolt as an ally
 40187 | IceCv    | Identified the +3 great sword of a treasure trove {vorpal,
                  | +Rage rF+}
 40454 | D:15     | Gained Murdo as an ally
 40511 | D:15     | Reached skill level 15 in Invocations
 41069 | D:15     | Found a staircase to the Depths.
 41643 | D:15     | Noticed Louise
 41656 | D:15     | Killed Louise
 41659 | D:15     | Found a roughly hewn altar of Beogh.
 42458 | Spider:3 | Found a runed translucent gate.
 42458 | Spider:3 | Found a runed translucent gate.
 42459 | Spider:3 | Found a runed translucent gate.
 42460 | Spider:3 | Noticed bilbop's ghost (journeyman HOMo)
 42911 | Spider:3 | Killed bilbop's ghost
 43345 | Spider:4 | Entered Level 4 of the Spider Nest
 44625 | Spider:3 | Reached XP level 17. HP: 132/158 MP: 28/28
 45190 | Spider:3 | Reached skill level 16 in Invocations
 45866 | Spider:4 | Your ally Arbolt died
 46139 | Spider:4 | Your ally Bogfrid died
 47430 | Spider:4 | Got a gossamer rune of Zot
 48128 | D:9      | Killed gregwegmann's ghost
 48746 | Swamp:1  | Entered Level 1 of the Swamp
 49336 | Swamp:1  | Noticed a tentacled monstrosity
 49984 | Swamp:1  | Killed a tentacled monstrosity
 50277 | Swamp:1  | Reached skill level 17 in Invocations
 50807 | Swamp:1  | Reached skill level 15 in Armour
 51460 | Swamp:2  | Identified the +4 rapier "Dragonslayer" {pain, *Rage
                  | Fragile Str+5 Dex+3}
 51512 | Swamp:2  | Upgraded the game from 0.27-a0-695-gb4952372f7 to
                  | 0.27-a0-732-ga892ba84f6
 52627 | Swamp:2  | Gained Bogfrid as an ally
 54459 | Swamp:4  | Entered Level 4 of the Swamp
 54568 | Swamp:3  | Reached XP level 18. HP: 150/170 MP: 30/30
 55766 | Swamp:3  | Reached skill level 18 in Invocations
 56263 | Swamp:4  | Got a decaying rune of Zot
 57005 | Vaults:1 | Entered Level 1 of the Vaults
 57064 | D:13     | Gained Bladwarg as an ally
 58194 | D:13     | Gained Herok as an ally
 61233 | Vaults:1 | Gained Morguth as an ally
 61763 | Vaults:2 | HP: 8/172 [phantasmal warrior (28)]
 62254 | Vaults:1 | Reached skill level 19 in Invocations
 62488 | Vaults:2 | Found a staircase to the Crypt.
 63159 | Vaults:2 | Reached XP level 19. HP: 108/181 MP: 32/32
 63498 | Vaults:2 | Found a huge runed gate.
 63498 | Vaults:2 | Found a huge runed gate.
 63498 | Vaults:2 | Found a huge runed gate.
 63498 | Vaults:2 | Found a huge runed gate.
 63498 | Vaults:2 | Found a huge runed gate.
 63499 | Vaults:2 | Found a huge runed gate.
 63499 | Vaults:2 | Found a huge runed gate.
 63499 | Vaults:2 | Found a huge runed gate.
 63499 | Vaults:2 | Found a huge runed gate.
 63499 | Vaults:2 | Found a huge runed gate.
 63783 | Vaults:2 | Your ally Herok died
 65838 | Vaults:2 | Found a huge runed gate.
 65838 | Vaults:2 | Found a huge runed gate.
 65838 | Vaults:2 | Found a huge runed gate.
 65838 | Vaults:2 | Found a huge runed gate.
 65843 | Vaults:2 | Found a huge runed gate.
 65843 | Vaults:2 | Found a huge runed gate.
 65843 | Vaults:2 | Found a huge runed gate.
 65843 | Vaults:2 | Found a huge runed gate.
 65843 | Vaults:2 | Found a huge runed gate.
 65843 | Vaults:2 | Found a huge runed gate.
 65844 | Vaults:2 | Found a huge runed gate.
 65845 | Vaults:2 | Found a huge runed gate.
 65846 | Vaults:2 | Found a huge runed gate.
 65854 | Vaults:2 | Found a huge runed gate.
 65854 | Vaults:2 | Found a huge runed gate.
 65854 | Vaults:2 | Found a huge runed gate.
 65854 | Vaults:2 | Found a huge runed gate.
 65854 | Vaults:2 | Found a huge runed gate.
 65854 | Vaults:2 | Found a huge runed gate.
 65855 | Vaults:2 | Found a huge runed gate.
 65856 | Vaults:2 | Found a huge runed gate.
 65857 | Vaults:2 | Found a huge runed gate.
 65865 | Vaults:2 | Found a huge runed gate.
 65865 | Vaults:2 | Found a huge runed gate.
 65865 | Vaults:2 | Found a huge runed gate.
 65865 | Vaults:2 | Found a huge runed gate.
 66402 | Vaults:2 | Identified the Guide on Lightness and Execration
 66595 | Vaults:3 | Noticed Asterion
 66623 | Vaults:3 | Noticed Aizul
 66643 | Vaults:2 | Killed Aizul
 66643 | Vaults:2 | Gained Berold as an ally
 67182 | Vaults:2 | Killed Asterion
 67646 | Vaults:3 | You fall into a shaft and drop 1 floor!
 67651 | Vaults:4 | Found Qurhinka's Book Emporium.
 67707 | Vaults:4 | HP: 8/183 [peacekeeper (14)]
 67718 | Vaults:4 | Your ally Berold died
 67723 | Vaults:4 | Reached skill level 20 in Invocations
 68191 | Vaults:4 | Upgraded the game from 0.27-a0-732-ga892ba84f6 to
                  | 0.27-a0-765-ge4d627daa3
 68970 | Vaults:3 | Noticed Bai Suzhen
 68979 | Vaults:3 | Killed Bai Suzhen
 69962 | Vaults:3 | Noticed Saint Roka
 69975 | Vaults:3 | Gained Bogward as an ally
 69976 | Vaults:3 | Killed Saint Roka
 69977 | Vaults:3 | Your ally Bogward died
 70512 | Vaults:3 | Reached XP level 20. HP: 180/193 MP: 34/34
 70969 | Vaults:4 | Gained Wargrak as an ally
 71061 | Vaults:4 | Your ally Bogwik died
 74160 | Vaults:4 | Noticed Mara
 74219 | Vaults:4 | Noticed DunceCap's illusion
 74569 | Vaults:4 | Noticed DunceCap's illusion
 74584 | Vaults:3 | Killed Mara
 75606 | Elf:1    | Entered Level 1 of the Elven Halls
 75615 | Elf:1    | Found Nuyzut's Armour Shop.
 75684 | Elf:1    | Found a magical portal.
 75704 | WizLab   | Entered Cigotuvi's Fleshworks
 75728 | WizLab   | Your ally grotesque died
 75811 | WizLab   | Reached skill level 21 in Invocations
 76134 | Elf:1    | Gained Morguth as an ally
 77589 | Elf:1    | Gained Ogrik as an ally
 78028 | Elf:1    | Noticed Donald
 78032 | Elf:1    | Gained Milork as an ally
 78044 | Elf:1    | Killed Donald
 78076 | Elf:1    | Identified the Catalogue of Dark Secrets
 78460 | Elf:1    | Reached XP level 21. HP: 179/199 MP: 35/35
 79996 | Elf:2    | Found a runed translucent gate.
 79996 | Elf:2    | Found a runed translucent gate.
 79996 | Elf:2    | Found a runed translucent gate.
 81134 | Elf:2    | Found a runed translucent gate.
 81134 | Elf:2    | Found a runed translucent gate.
 81134 | Elf:2    | Found a runed translucent gate.
 81136 | Elf:2    | Noticed jasper's ghost (adept DjFE)
 84206 | Elf:2    | Your ally Ogrik died
 84207 | Elf:2    | Killed jasper's ghost
 84223 | Elf:2    | Identified the +8 bardiche "Ogrebane" {vorpal, Dex+4}
 84478 | Elf:3    | Entered Level 3 of the Elven Halls
 86511 | Elf:2    | Reached skill level 22 in Invocations
 86700 | Elf:3    | Identified the ring of Teuquh {rN+ Will+ Int+2}
 87181 | Elf:3    | Identified the +7 pearl dragon scales of Joy {rN+ SInv}
 88516 | Elf:2    | Gained Syrus as an ally
 89563 | Elf:3    | Identified the +1 great mace of Famine {drain, rC+ Int+4
                  | SInv}
 89713 | Elf:3    | Identified the +4 glaive of the Slashing Fool {antimagic,
                  | rElec rC+ rN+}
 89984 | Elf:3    | Identified the +11 dire flail "Killer Klown's Death"
                  | {protect, Will+}
 91026 | Elf:3    | Identified the ring "Quyhock" {Ice Dex+4}
 92923 | Elf:3    | Glimpsed the power of Zot.
 92967 | Elf:3    | Identified the +12 hand crossbow of Defenestration {vorpal,
                  | *Drain rElec rPois}
 92969 | Elf:3    | Identified the Volume of the Doomed Birds
 93094 | Elf:2    | Reached XP level 22. HP: 215/215 MP: 37/37
 93398 | Depths:1 | Entered Level 1 of the Depths
 94033 | Depths:1 | Found a gateway to Hell.
 94146 | Depths:1 | Gained Bogwald as an ally
 95072 | Depths:2 | Reached skill level 23 in Invocations
 95537 | Depths:2 | Found a one-way gate to the infinite horrors of the Abyss.
 96568 | Depths:2 | Gained Bogdan as an ally
 96795 | Depths:2 | Found a snail-covered altar of Cheibriados.
 97960 | Depths:3 | Noticed Margery
 97996 | Depths:3 | Killed Margery
 98043 | Depths:3 | Reached XP level 23. HP: 145/227 MP: 38/38
 98050 | Depths:3 | Noticed a golden dragon
 98234 | Depths:3 | Killed a golden dragon
 98514 | Depths:3 | Gained Harm as an ally
 98532 | Depths:3 | Reached skill level 24 in Invocations
 98638 | Depths:3 | Noticed a juggernaut
 98647 | Depths:3 | Killed a juggernaut
 98900 | Depths:3 | Noticed Suceck's ghost (adept DsAK)
 98908 | Depths:3 | Found a runed translucent gate.
 98908 | Depths:3 | Found a runed translucent gate.
 98910 | Depths:3 | Found a runed translucent gate.
 98961 | Depths:3 | Noticed Mennas
 99009 | Depths:3 | Killed Mennas
 99566 | Depths:3 | Found a burning altar of Makhleb.
 99791 | Depths:3 | Found a gateway to a ziggurat.
 99897 | Depths:3 | Found a one-way gate leading to the halls of Pandemonium.
100139 | Depths:3 | Killed Suceck's ghost
100154 | Depths:3 | Identified the +2 pair of gloves of Yredelemnul's Anger
                  | {rC+ Regen+}
100359 | Zig:1    | Entered Level 1 of a ziggurat
100364 | Zig:1    | Paralysed by an apocalypse crab for 6 turns
100412 | Zig:2    | Entered Level 2 of a ziggurat
100437 | Zig:2    | Identified the +7 short sword "Xom's Ringing Laughter"
                  | {vorpal, Dex+4}
100535 | Zig:3    | Entered Level 3 of a ziggurat
100748 | Depths:4 | Found a glowing golden altar of the Shining One.
100857 | Depths:4 | Noticed a juggernaut
100863 | Depths:4 | Found a bloodstained altar of Trog.
100864 | Depths:4 | Found the necklace of Bloodlust {*Rage +Rage Will++ Int-3
                  | Slay+6}
100906 | Depths:4 | Found a glowing silver altar of Zin.
101213 | Depths:4 | Noticed a golden dragon
101240 | Depths:4 | Killed a golden dragon
101289 | Depths:4 | Gained Ortolf as an ally
101397 | Depths:4 | Found a transporter.
101651 | Depths:4 | Found a portal to a secret trove of treasure.
101785 | Depths:5 | Entered Level 5 of the Depths
101822 | Depths:5 | Reached XP level 24. HP: 238/238 MP: 39/39
101858 | Depths:5 | Reached skill level 25 in Invocations
102319 | Depths:5 | HP: 4/230 [shadow dragon/bolt of negative energy (9)]
102320 | Depths:5 | Slain by a tengu warrior

Illustrated notes

Levels and vault maps discovered:
D:1:      lemuel_arrival_behind_the_door_small, layout_basic, serial_shops,
          nicolae_shop_stone
D:2:      layout_loops_cross, lemuel_zombie_altar_kikubaaqudgha
D:3:      layout_basic, eat_drink_and_be_merry_uskayaw
D:4:      layout_loops_corners, old_standard_altar
D:5:      layout_gridville, minmay_temple_entry_trees
D:6:      layout_loops_ring, nicolae_overflow_hidden_temple
D:7:      lemuel_ice_statue, layout_basic, marbit_many_paths
D:8:      layout_basic, led_sif_book, yredelemnul_altar_generic
D:9:      layout_irregular_city, lemuel_doored_altar, zin_academy,
          ebering_ghost_inner_flame, okawaru_ov_weapons_minmay, uniq_maurice
D:10:     layout_long_grid, erik_lair_orcish_takeover, uniq_psyche, uniq_urug,
          uniq_fannar
D:11:     layout_basic, minivault_5
D:12:     layout_layer_cave, minmay_orc_entry_temple_small, uniq_josephine
D:13:     layout_loops_ring, david_vaults_1, basic_altar
D:14:     layout_cave_pods, nrook_pool_corridor, grunt_qazlal_sundering
D:15:     gammafunk_enter_depths_forms, layout_long_grid, chequers_big_river,
          special_room [special_room_orc], portal_ice_cave_demonic_guard,
          uniq_louise
Lair:1:   layout_loops_ring, beast_lair_carwin_3
Lair:2:   beast_lair_carwin_large_3, layout_chaotic_city, serial_bayou_shore_b
Lair:3:   layout_regular_city, minmay_swamp_entry_wisps, basic_altar,
          uniq_nergalle
Lair:4:   wad_woods_tower, layout_regular_city, spider_nest_entry_a, uniq_sonja
Lair:5:   layout_gridlike, nicolae_slime_entry_slimehenge, lookout_lair_type,
          mumra_transporter_accident
Lair:6:   evilmike_catoblepas_cave, layout_misc_corridors,
          cheibrodos_lair_lostbears, serial_bayou_shore_a, grunt_megastairs_3,
          infiniplex_staircase_pool
Swamp:1:  cheibrodos_swamp_monstrosity, layout_falls_marsh,
          evilmike_swamp_ruin_house_3
Swamp:2:  nicolae_swamp_ascending_descending_big, layout_basic_swamp,
          hangedman_swamp_ruin_wall, swamp_pool1, hangedman_swamp_dais
Swamp:3:  layout_falls_marsh, evilmike_swamp_ruin_rubble_1, swamp_pool5
Swamp:4:  swamp, layout_basic_swamp
Spider:1: layout_spider_delve, drop_trap
Spider:2: layout_spider_delve, spiders_nest_spider_trap, uniq_arachne
Spider:3: layout_spider_delve, gammafunk_ghost_split
Spider:4: grunt_spider_rune_island, spiders_nest_hornet_nest
Orc:1:    layout_caves
Orc:2:    grunt_orc_community_town_hall, layout_diamond_mine,
          grunt_orc_community_big_house_1, grunt_orc_community_big_house_1,
          grunt_orc_community_house_2, grunt_orc_community_house_2,
          grunt_orc_community_house_3, grunt_orc_community_house_3,
          mines4_lemuel
Elf:1:    layout_gridlike, serial_shops, shop, infiniplex_enter_wizlab_water,
          minmay_elf_necromancy, grunt_megastairs_4, uniq_donald
Elf:2:    layout_loops_corners, ebering_ghost_rock_garden
Elf:3:    minmay_elf_hall_furrowed, layout_loops_corners, onia_ninara_cookie
Vaults:1: ontoclasm_vaults_chip, hangedman_vaults_slice,
          nicolae_vaults_circle_grid_b, vaults_room_stairs_pillars,
          hangedman_vaults_impose, st_more_cells, v_alt_pattern_1,
          nicolae_vaults_network_square, nicolae_vaults_border_crossing,
          vaults_room_fancy_cross, v_misc_32, ontoclasm_vaults_gateway,
          v_misc_15, vaults_room_pools, layout_vaults_omnicross
Vaults:2: vaults_standard_mumra_lines, nicolae_vaults_network_barrier,
          vaults_standard_mumra_enter_the_diamond, v_misc_22,
          nicolae_vaults_circle_grid_b, nicolae_vaults_windows_and_doors_thing,
          minmay_crypt_entry_simple_sparse, vaults_room_door_hall,
          ontoclasm_vaults_fault, v_misc_33, vaults_dpeg_spiral,
          ontoclasm_vaults_ring_small, vaults_door_vault, layout_vaults_omnibox
Vaults:3: vaults_room_pool, vaults_dpeg_hooks, nicolae_vaults_fighting_squares,
          ontoclasm_vaults_chip, vaults_dpeg_ring, v_misc_12,
          nicolae_vaults_specimen_jars, hangedman_vaults_snaps,
          nicolae_vaults_theta, nicolae_vaults_little_squares_4,
          layout_vaults_omnigrid, uniq_saint_roka, uniq_asterion, uniq_aizul,
          uniq_bai_suzhen
Vaults:4: hangedman_vaults_nodes, hangedman_vaults_slither, v_misc_18,
          vaults_room_semicircle, nicolae_vaults_what_the_h, v_misc_11,
          grunt_vaults_funnel, nicolae_vaults_c_with_doors,
          vaults_dpeg_diagonal, layout_vaults_maze, serial_shops,
          nicolae_shop_behind_doors, uniq_mara
Depths:1: layout_gridville, minmay_misc_feat_rugged, grunt_hell_entry_dis_mu,
          due_unseen_surprise
Depths:2: pf_snail_temple, layout_gridlike, hangedman_coc_ice_floe, abyss_entry,
          infiniplex_staircase_pool_2
Depths:3: minmay_the_grid_four_pointed_star
          [minmay_the_grid_triangle_9x9_wacky_v,
          minmay_the_grid_triangle_9x9_zippers_horizontal,
          minmay_the_grid_triangle_9x9_shrine,
          minmay_the_grid_triangle_9x9_sparse_checkered,
          minmay_the_grid_prize_big_room], layout_twisted_cross,
          enter_ziggurat_e, grunt_pan_entry_in_and_out, abyss_entry, hell_entry,
          serial_glass, glass_columns_a, glass_columns_a, gammafunk_ghost_split,
          uniq_mennas, uniq_margery
Depths:4: emtedronai_trogs_sanctum, layout_gridville, basic_altar, abyss_entry,
          hell_entry, nicolae_trove_entry_diagonal, tso_metal_star
Depths:5: grunt_x_marks_the_spot, layout_basic, hellmouth_1,
          nicolae_two_hexagons, serial_bayou_shore_b

Skill      XL: |  1  2  3  4  5  6  7  8  9 10 11 12 13 14 15 16 17 18 19 20 21 22 23 24 |
---------------+-------------------------------------------------------------------------+-----
Axes           | 3 4 5 6 7 9 10 12 13 15 16 17 18 | 18.0
Fighting       | 4 5 6 7 8 9 10 11 13 14 15 17 18 20 21 22 23 24 | 24.3
Shields        | 4 5 6 8 9 10 12 13 14 15 | 15.0
Invocations    | 3 5 7 9 10 12 14 15 17 19 20 21 22 23 24 25 | 25.1
Armour         | 4 6 7 8 9 11 12 14 15 16 18 19 20 21 22 | 22.3

Action                   |  1- 3 |  4- 6 |  7- 9 | 10-12 | 13-15 | 16-18 | 19-21 | 22-24 || total
-------------------------+-------+-------+-------+-------+-------+-------+-------+-------++-------
Melee: War axe           |   111 |   175 |   142 |   471 |   317 |       |       |       ||  1216
       Hand axe          |       |       |   321 |    70 |       |       |       |       ||   391
       Trident           |       |       |       |       |    16 |       |       |       ||    16
       Broad axe         |       |       |       |       |   452 |   910 |  1024 |   940 ||  3326
       Staff             |       |       |       |       |       |     4 |       |       ||     4
Throw: Boomerang         |       |       |     7 |     7 |       |       |       |       ||    14
       Dart              |       |       |     2 |    41 |       |     3 |       |     6 ||    52
Invok: Convert to Beogh  |       |       |     1 |       |       |       |       |       ||     1
       Give Item to Name |       |       |       |       |     4 |     5 |     4 |     2 ||    15
       Resurrection      |       |       |       |       |     2 |     2 |     1 |     1 ||     6
       Smiting           |       |       |       |       |     4 |    32 |     7 |     9 ||    52
       Recall Orcish Fol |       |       |       |       |     2 |     1 |     2 |     1 ||     6
       Stop Recall       |       |       |       |       |     2 |     1 |     2 |     1 ||     6
Evoke: Wand              |       |       |       |       |       |     2 |     5 |       ||     7
  Use: Potion            |       |     4 |       |     1 |     6 |     3 |     3 |     2 ||    19
       Scroll            |       |       |    12 |     9 |     9 |     2 |     2 |     7 ||    41
 Stab: Paralysed         |       |       |       |       |     3 |     4 |     1 |       ||     8
       Distracted        |       |       |       |       |     6 |    10 |    15 |     6 ||    37
Armor: Scale mail        |    31 |       |       |       |       |       |       |       ||    31
       Chain mail        |    33 |   104 |   107 |       |       |       |       |       ||   244
       Skin              |       |     2 |       |       |       |       |       |       ||     2
       Plate armour      |       |       |    21 |   154 |   496 |   512 |   387 |       ||  1570
       Swamp dragon scal |       |       |       |       |       |   197 |       |       ||   197
       Pearl dragon scal |       |       |       |       |       |       |    59 |   443 ||   502
Dodge: Dodged            |    40 |    50 |    79 |   123 |   393 |   535 |   185 |   239 ||  1644
Block: Kite shield       |    71 |    98 |   227 |   280 |   787 |  1244 |  1176 |   816 ||  4699
       Reflection        |       |       |       |       |       |    72 |   171 |     3 ||   246

Table legend: (Time is in decaauts)
 A = Elapsed time spent in this place.
 B = Non-inter-level travel time spent in this place.
 C = Inter-level travel time spent in this place.
 D = Time resting spent in this place.
 E = Time spent auto-exploring this place.
 F = Levels seen in this place.
 G = Mean time per level.
                   A        B        C        D        E       F      G
               +--------+--------+--------+--------+--------+-----+--------+
         Total | 102227 |  98297 |   3930 |  41069 |  16504 |  48 | 2129.7 |
       Dungeon |  24591 |  23365 |   1226 |   7730 |   7715 |  15 | 1639.4 |
          Lair |  10223 |   9668 |    555 |   3811 |   2286 |   6 | 1703.8 |
         Swamp |   8085 |   7703 |    382 |   3583 |    721 |   4 | 2021.2 |
   Spider Nest |  12442 |  12133 |    309 |   7440 |    728 |   4 | 3110.5 |
  Orcish Mines |   3290 |   2933 |    357 |    678 |    170 |   2 | 1645.0 |
   Elven Halls |  17301 |  16744 |    557 |   8072 |   1310 |   3 | 5767.0 |
        Vaults |  16726 |  16456 |    270 |   6145 |   1235 |   4 | 4181.5 |
        Depths |   8447 |   8175 |    272 |   3380 |   2339 |   5 | 1689.4 |
      Ziggurat |    210 |    210 |      0 |    106 |      0 |   3 |   70.0 |
      Ice Cave |    713 |    713 |      0 |    124 |      0 |   1 |  713.0 |
        Wizlab |    194 |    194 |      0 |      0 |      0 |   1 |  194.0 |
               +--------+--------+--------+--------+--------+-----+--------+

Top non-repeatable levels by time:
   Elf:2: 8680 daAuts
   Elf:1: 5155 daAuts
Vaults:3: 4860 daAuts
Spider:3: 4689 daAuts
Vaults:2: 4553 daAuts
Vaults:1: 4085 daAuts
Spider:1: 3668 daAuts
    D:13: 3524 daAuts
   Elf:3: 3465 daAuts
  Lair:4: 3340 daAuts
Vaults:4: 3225 daAuts
Spider:2: 2894 daAuts
Depths:2: 2889 daAuts
 Swamp:2: 2625 daAuts
 Swamp:1: 2555 daAuts
